Map: Lerilak Crest

Players

Airea - Winner!

  • Race: Terran Terran
  • League: Gold

SticklerMac

  • Race: Zerg Zerg
  • League: Silver

VOD

Have the link to the VOD?

Description

Time

  • Played on: Sept. 26, 2015, 1:23 p.m.
  • Length: 17:08
Show
View Real Time Build Order
Export as new Build Order

Airea Terran - Winner!

Build Orders: Command Center First (CC), Mech 

Get SALT Encoding   

  12  0:01  SCV  
  13  0:13  SCV  
  14  0:19  Supply Depot  
  14  0:25  SCV  
  15  0:41  SCV  
  16  0:57  Command Center  
  16  1:01  SCV  
  17  1:11  Barracks  
  17  1:15  SCV  
  18  1:27  SCV  
  18  1:29  Refinery  
  18  1:30  Refinery  
  19  1:43  SCV  
  20  2:00  Supply Depot, Marine  
  21  2:03  Orbital Command  
  21  2:11  Orbital Command  
  21  2:18  Marine  
  22  2:26  Factory  
  22  2:37  Barracks Reactor  
  22  2:40  SCV x2  
  24  2:53  SCV x2  
  24  2:54  Factory  
  26  3:06  SCV x2  
  28  3:24  Barracks  
  28  3:25  Hellion x2  
  28  3:26  SCV x2  
  34  3:27  Barracks Tech Lab  
  34  3:35  Command Center  
  34  3:38  SCV  
  34  3:39  SCV  
  36  3:47  Hellion  
  38  3:50  SCV, Hellion  
  38  3:51  SCV  
  42  4:02  SCV  
  43  4:03  SCV  
  43  4:05  Barracks  
  44  4:11  Barracks Tech Lab  
  44  4:12  Factory  
  44  4:13  Hellion  
  46  4:32  Supply Depot  
  46  4:33  Supply Depot, SCV  
  46  4:34  SCV  
  46  4:36  Supply Depot  
  46  4:37  Supply Depot  
  46  4:47  SCV x2, Hellion, Siege Tank  
  46  4:52  Factory  
  53  4:58  Orbital Command  
  53  4:59  SCV x2  
  55  5:11  SCV x2  
  57  5:21  Supply Depot, Refinery  
  57  5:23  Supply Depot, Refinery, SCV  
  57  5:24  SCV  
  59  5:35  SCV  
  59  5:36  SCV  
  57  5:46  SCV  
  57  5:48  SCV  
  55  5:56  SCV  
  56  5:58  SCV  
  56  5:59  Factory Tech Lab, Factory Reactor  
  55  6:04  Factory  
  55  6:24  Hellion x4  
  63  6:26  Orbital Command  
  63  6:29  Factory  
  63  6:30  Factory  
  63  6:34  Armory x2  
  63  6:48  Engineering Bay  
  63  6:49  SCV x2  
  65  6:58  SCV  
  65  7:01  SCV x2  
  68  7:03  Hellion x2, Siege Tank x2  
  68  7:04  Hellion, Siege Tank  
  68  7:05  Hellion  
  85  7:19  Infernal Pre-Igniter  
  85  7:20  Factory Reactor  
  85  7:21  Factory Tech Lab  
  85  7:24  SCV x3  
  86  7:32  Sensor Tower  
  86  7:36  SCV  
  76  7:52  Orbital Command  
  76  7:53  Siege Tank x4  
  76  7:55  Hellion x3  
  72  8:21  Command Center x2  
  72  8:25  Hellion x6  
  78  8:37  Terran Vehicle Weapons Level 1  
  78  8:38  Terran Vehicle And Ship Armor Level 1  
  78  8:45  Siege Tank x2  
  84  8:54  Orbital Command  
  79  9:06  Orbital Command  
  79  9:20  Hellion x6, Siege Tank  
  94  9:32  Refinery  
  94  9:39  SCV x2  
  94  9:40  SCV  
  94  9:44  Orbital Command  
  94  9:45  Orbital Command  
  97  9:49  Siege Tank x2  
  97  9:51  SCV, Hellion x4  
  97  9:52  SCV  
  113  10:01  Supply Depot  
  113  10:13  Refinery  
  113  10:14  Refinery  
  113  10:18  Supply Depot  
  113  10:19  Sensor Tower  
  113  10:23  Siege Tank  
  113  10:27  Hellion x6  
  113  10:28  Hellion x3  
  134  10:38  SCV x2  
  134  10:39  SCV  
  137  10:52  Thor  
  137  10:54  Siege Tank  
  146  11:02  Thor  
  146  11:03  Supply Depot x2, Hellion x5  
  160  11:34  SCV x2  
  160  11:35  SCV x2  
  164  11:42  Command Center  
  164  11:46  SCV  
  165  12:05  Hellion x5  
  165  12:06  Hellion  
  177  12:14  Thor  
  175  12:15  Thor  
  177  12:23  SCV x2  
  179  12:35  SCV x2  
  179  12:37  SCV x2  
  179  12:38  Thor  
  179  12:39  Thor  
  179  12:47  Terran Vehicle Weapons Level 2, Terran Vehicle And Ship Armor Level 2  
  179  12:48  Starport x2  
  179  12:52  SCV, Hellion x6, Orbital Command  
  179  12:53  Supply Depot  
  179  12:54  Supply Depot  
  179  12:55  Supply Depot  
  192  13:00  Refinery  
  192  13:06  Planetary Fortress  
  164  13:22  Siege Tank  
  164  13:23  Siege Tank  
  142  13:32  Refinery  
  135  13:39  Siege Tank x2  
  135  13:41  Hellion  
  143  13:43  SCV x2  
  145  13:52  Starport Tech Lab, Starport Reactor  
  145  13:54  Siege Tank  
  148  13:58  Starport  
  148  13:59  SCV x4  
  148  14:00  Starport  
  144  14:11  SCV x2  
  146  14:18  Siege Tank x2  
  146  14:19  Siege Tank  
  146  14:22  Orbital Command  
  153  14:39  Siege Tank  
  153  14:40  Hellion x3  
  153  14:41  Hellion  
  156  14:50  SCV, Siege Tank  
  156  14:51  SCV x2, Siege Tank  
  165  14:59  SCV  
  166  15:03  Hellion x6  
  178  15:10  Starport Tech Lab, Starport Reactor  
  178  15:11  SCV  
  177  15:17  Starport  
  177  15:18  Starport  
  177  15:23  SCV  
  178  15:30  Sensor Tower  
  178  15:35  SCV  
  179  15:42  Raven x2  
  183  15:43  Command Center, Corvid Reactor  
  177  16:35  Siege Tank x4  
  177  16:36  Hellion x3  
Show
View Real Time Build Order
Export as new Build Order

SticklerMac Zerg 

Build Orders: Hatch First 

Get SALT Encoding   

  12  0:01  Drone  
  13  0:13  Overlord  
  13  0:18  Drone  
  14  0:32  Drone x2  
  16  0:36  Drone  
  17  0:56  Hatchery  
  16  0:59  Drone  
  17  1:07  Drone  
  17  1:09  Drone  
  19  1:12  Extractor  
  18  1:22  Spawning Pool  
  18  1:24  Drone  
  18  1:34  Drone  
  20  1:40  Drone  
  20  1:51  Overlord  
  20  2:08  Drone x2, Extractor  
  22  2:09  Queen  
  22  2:12  Metabolic Boost  
  23  2:17  Queen  
  23  2:22  Drone  
  26  2:32  Drone x2  
  26  2:33  Drone  
  26  2:36  Drone  
  30  2:42  Overlord  
  30  2:46  Drone  
  30  2:50  Drone  
  32  2:57  Drone  
  33  3:05  Drone  
  34  3:06  Drone  
  34  3:09  Queen  
  34  3:10  Queen  
  39  3:15  Overlord  
  39  3:18  Zergling x2  
  40  3:23  Zergling x2  
  40  3:25  Drone x2  
  40  3:26  Drone  
  44  3:35  Drone  
  44  3:37  Drone, Roach Warren  
  44  3:39  Drone  
  44  3:40  Drone  
  47  3:45  Drone, Extractor  
  47  3:46  Drone  
  48  3:49  Drone  
  49  4:01  Zergling x4  
  49  4:02  Zergling x2  
  52  4:09  Overlord  
  52  4:10  Overlord x2  
  52  4:19  Overlord x2  
  52  4:20  Overlord  
  51  4:55  Roach x5  
  51  4:56  Roach x6  
  51  4:59  Lair  
  73  5:12  Drone x2  
  75  5:21  Roach x2  
  75  5:22  Roach x5  
  85  6:01  Roach  
  85  6:02  Roach x6  
  99  6:05  Overlord x2  
  99  6:06  Overlord x2  
  99  6:08  Glial Reconstitution  
  99  6:16  Evolution Chamber  
  99  6:17  Evolution Chamber  
  97  6:22  Roach  
  97  6:23  Overlord x3  
  99  6:34  Hatchery  
  98  6:48  Ravager x2  
  98  6:49  Ravager x8  
  98  6:50  Ravager x2  
  110  7:08  Zerg Missile Weapons Level 1  
  110  7:16  Zerg Ground Armor Level 1  
  110  7:22  Roach  
  112  7:23  Roach, Zergling x2  
  112  7:24  Zergling x20  
  105  8:00  Roach  
  105  8:01  Roach x9  
  116  8:23  Roach  
  116  8:24  Roach x5  
  118  8:46  Unknown  
  118  8:58  Roach  
  118  8:59  Roach x8  
  118  9:05  Overseer  
  118  9:19  Queen  
  120  9:26  Pneumatized Carapace  
  120  9:27  Zerg Missile Weapons Level 2  
  120  9:33  Drone x2  
  120  9:34  Drone x7  
  129  10:08  Roach  
  129  10:09  Roach x12  
  129  10:12  Ravager  
  156  10:14  Ravager  
  156  10:17  Drone x2  
  156  10:18  Drone, Extractor  
  156  10:19  Drone  
  160  10:22  Drone  
  160  10:23  Drone  
  160  10:27  Overlord  
  162  10:55  Roach  
  162  10:56  Roach x3  
  170  10:58  Overlord x4  
  170  10:59  Overlord x2  
  170  11:26  Spire  
  170  11:32  Ravager x4  
  173  11:35  Zergling x24  
  173  11:36  Zergling x14  
  173  11:38  Zergling x2  
  193  11:59  Zerg Ground Armor Level 2  
  193  12:02  Drone x3  
  193  12:03  Drone x4  
  194  12:21  Roach x3  
  180  12:42  Roach  
  180  12:43  Roach x8  
  136  13:21  Roach  
  136  13:22  Roach x8  
  103  13:35  Roach  
  103  13:36  Roach x5  
  103  13:39  Ravager  
  103  13:40  Ravager x4  
  119  13:41  Ravager  
  119  14:12  Ravager  
  119  14:13  Ravager x3  
  119  14:15  Zergling x2  
  119  14:16  Zergling x34  
  120  14:42  Roach  
  120  14:43  Roach x8  
  120  14:44  Roach  
  90  14:48  Zergling x2  
  90  14:49  Zergling x4  
  77  15:18  Extractor  
  75  15:24  Roach, Extractor  
  75  15:25  Roach x8  
  89  15:37  Roach  
  89  15:38  Roach x2  
  95  15:51  Roach x3  
  79  16:24  Roach  
  79  16:25  Roach x11  
  97  16:32  Roach x2  
Tags
 
Add a new tag
Caveats
  • Supply blocks, unpowered buildings, or Contaminate may cause inaccurate times.
  • Supply counts are checked every 10 seconds.